 Dungeon Crawl Stone Soup version 0.27-a0-1590-g15f69828bf (webtiles) character file.

Game seed: 5986106722353942189

35 Anon1729 the Shield-Bearer (level 3, -3/30 HPs)
             Began as a Formicid Fighter on July 18, 2021.
             Was a Plaything of Xom.
             Succumbed to an adder's poison
             ... on level 2 of the Dungeon.
             The game lasted 00:00:58 (1318 turns).

Anon1729 the Shield-Bearer (Formicid Fighter)       Turns: 1318, Time: 00:00:58

Health: -3/30      AC:  8    Str: 21    XL:     3   Next: 52%
Magic:  3/3        EV:  8    Int:  7    God:    Xom [....*.]
Gold:   58         SH:  9    Dex: 10    Spells: 2/2 levels left

rFire    . . .     SeeInvis +   a - +0 flail
rCold    . . .     Faith    .   c - +0 kite shield
rNeg     . . .     Spirit   .   b - +0 scale mail
rPois    .         Reflect  .   (helmet unavailable)
rElec    .         Harm     .   (no cloak)
rCorr    .         Rampage  .   (no gloves)
Will     .....                  k - +0 pair of boots
Stlth    ..........             (no amulet)
HPRegen  0.10/turn              (no ring)
MPRegen  0.08/turn              (no ring)

@: lethally poisoned (-3 -> -15)
A: permanent stasis, dig shafts and tunnels, antennae 3, four strong arms,
inability to read while threatened
a: Dig, Shaft Self, Renounce Religion


You were on level 2 of the Dungeon.
You worshipped Xom.
You were a beloved toy of Xom.
You visited 1 branch of the dungeon, and saw 2 of its levels.

You collected 58 gold pieces.

Inventory:

Hand Weapons
 a - a +0 flail (weapon)
Missiles
 h - a throwing net
Armour
 b - a +0 scale mail (worn)
 c - a +0 kite shield (worn)
 k - a +0 pair of boots (worn)
Scrolls
 i - a scroll of amnesia {unknown}
 j - 2 scrolls of teleportation {unknown}
Potions
 d - a potion of might
 e - a potion of flight {unknown}
 f - a potion of degeneration {unknown}
 g - a potion of lignification {unknown}


   Skills:
 + Level 3.7 Fighting
 + Level 2.5 Maces & Flails
 + Level 3.7 Armour
 + Level 4.0 Shields


You had 2 spell levels left.
You didn't know any spells.
Your spell library contained the following spells:

 Spells                   Type           Power      Damage    Failure   Level
 Beastly Appendage        Tmut           0%         N/A       98%         1
 Wereblood                Tmut           0%         N/A       99%         2
 Spider Form              Tmut/Pois      0%         N/A       100%        3


Dungeon Overview and Level Annotations

Branches:
Dungeon (2/15)

Altars:
Xom


Innate Abilities, Weirdness & Mutations

You cannot be hasted, slowed, berserked, paralysed or teleported.
You can dig through walls and to a lower floor.
You have a pair of large antennae on your head. (SInv)
Your four strong arms can wield two-handed weapons with a shield.
You sometimes lose the ability to read scrolls when taking damage.


Message History

You are no longer poisoned.
The adder barely misses you. You block the adder's attack.
You block the kobold's attack.
You hit the adder.
The adder is severely wounded.
You block the adder's attack. You block the kobold's attack.
The adder bites you but does no damage. The kobold barely misses you.
You barely miss the adder.
The adder is severely wounded.
The adder bites you but does no damage. The adder bites you.
You are poisoned.
The adder poisons you! The kobold completely misses you.
You barely miss the adder.
The adder is severely wounded.
You feel very sick. The adder closely misses you.
The kobold hits you but does no damage. The adder barely misses you.
The kobold hits you with a +0 dagger.
You feel threatened and lose the ability to read scrolls!
* * * LOW HITPOINT WARNING * * *
You hit the adder.
The adder is severely wounded.
You feel sick. You block the adder's attack.
The kobold hits you but does no damage. The adder bites you.
* * * LOW HITPOINT WARNING * * *
You are lethally poisoned!
The adder poisons you!
You hit the adder but do no damage.
The adder is severely wounded.
* * * LOW HITPOINT WARNING * * *
You feel very sick. The adder bites you but does no damage.
You block the kobold's attack. The adder bites you.
* * * LOW HITPOINT WARNING * * *
You are more poisoned.
The adder poisons you!
Your shield and scale mail prevent you from hitting the adder.
The adder is severely wounded.
You can read scrolls again.
You die...
Xom snickers!

#.#....... ..
......##.# { ####.##
##...#.#
..!...##......#
.....#.....#.######
###...#.###........#
##.....#.# #...####.#
.......#.###...####.#
#..S@.....#......#
#.#K#.#####..#.#.#
...(... #..#.#.#
#...#.#.# #......#{
#...#...###..##..#.#
#...######.........#
.... ........#.####
##... ####....###
#.....#


You could see an adder and a kobold.

Vanquished Creatures
  A dart slug (D:1)
  An endoplasm (D:1)
  2 giant cockroaches (D:1)
  4 goblins (D:1)
  2 hobgoblins (D:1)
  2 jackals (D:1)
  8 kobolds (D:1)
  3 quokkas (D:1)
  2 bats (D:1)
  3 rats (D:1)
28 creatures vanquished.

Notes
Turn   | Place    | Note
-------+----------+-------------------------------------------
     0 | D:1      | Anon1729 the Formicid Fighter began the quest for the Orb.
     0 | D:1      | Reached XP level 1. HP: 18/18 MP: 1/1
   121 | D:1      | Reached XP level 2. HP: 24/24 MP: 2/2
   554 | D:1      | Noticed a floating eye
   556 | D:1      | Found a faded altar of an unknown god.
   557 | D:1      | Noticed a floating eye
   557 | D:1      | Noticed a shining eye
   557 | D:1      | Noticed a floating eye
   568 | D:1      | Became a worshipper of Xom the Tricky
   618 | D:1      | Reached XP level 3. HP: 29/29 MP: 3/3
   746 | D:1      | Reached skill level 4 in Shields
   872 | D:1      | XOM: silly message
   931 | D:1      | XOM: give mutation
   931 | D:1      | Gained mutation: You sometimes lose the ability to read
                  | scrolls when taking damage. [Xom's mischief]
  1025 | D:1      | XOM: polymorph hobgoblin -> bat
  1317 | D:2      | HP: 1/30 [adder (1)]
  1318 | D:2      | Succumbed to an adder's poison

Illustrated notes

Levels and vault maps discovered:
D:1:      minmay_arrival_loop, layout_loops_corners,
          hellmonk_ecumenical_altar_watching_god
D:2:      layout_basic, basic_altar, grunt_ministairs_5, minivault_27,
          kennysheep_generic_room_16

Skill      XL: |  1  2  3 |
---------------+----------+-----
Shields        | 4 |  4.0
Fighting       | |  3.7
Maces & Flails | |  2.5
Armour         | |  3.7

Action                   || total
-------------------------++-------
Melee: Flail             ||   103
 Abil: Dig               ||     1
Armor: Scale mail        ||    48
Dodge: Dodged            ||    53
Block: Kite shield       ||    57

Table legend: (Time is in decaauts)
 A = Elapsed time spent in this place.
 B = Non-inter-level travel time spent in this place.
 C = Inter-level travel time spent in this place.
 D = Time resting spent in this place.
 E = Time spent auto-exploring this place.
 F = Levels seen in this place.
 G = Mean time per level.
                   A        B        C        D        E       F      G
               +--------+--------+--------+--------+--------+-----+--------+
         Total |   1364 |   1307 |     57 |      0 |   1051 |   2 |  682.0 |
       Dungeon |   1364 |   1307 |     57 |      0 |   1051 |   2 |  682.0 |
               +--------+--------+--------+--------+--------+-----+--------+

Top non-repeatable levels by time:
     D:1: 1308 daAuts
     D:2: 56 daAuts
